 Dungeon Crawl Stone Soup version 0.26.1-11-gd32895ea62 (webtiles) character file.

Game seed: 1667744676862566938

252 MrSixtyFour the Ducker (level 5, -4/25 HPs)
             Began as a Spriggan Transmuter on June 30, 2021.
             Was a Follower of Qazlal.
             Killed from afar by an orc wizard (5 damage)
             ... with a magic dart
             ... on level 4 of the Dungeon on July 7, 2021.
             The game lasted 00:23:55 (5175 turns).

MrSixtyFour the Ducker (Spriggan Transmuter)        Turns: 5175, Time: 00:23:56

Health: -4/25      AC:  2    Str:  7    XL:     5   Next: 89%
Magic:  11/11      EV: 19    Int: 14    God:    Qazlal [*.....]
Gold:   230        SH:  1    Dex: 17    Spells: 8/11 levels left

rFire    . . .     SeeInvis +     - Unarmed
rCold    . . .     Faith    .   (shield restricted)
rNeg     . . .     Spirit   .   l - +0 robe
rPois    .         Reflect  .   (helmet restricted)
rElec    .         Harm     .   (no cloak)
rCorr    .         Rampage  .   (gloves unavailable)
Will     .....                  (boots unavailable)
Stlth    +.........             (no amulet)
HPRegen  0.08/turn              i - ring of attention
MPRegen  0.12/turn              (no ring)

@: very slightly contaminated, hasted, invisible, very quick
A: very small, unfitting armour, see invisible, speed 3
a: Renounce Religion


You were on level 4 of the Dungeon.
You worshipped Qazlal.
Qazlal was aware of your devotion.
You visited 1 branch of the dungeon, and saw 5 of its levels.

You collected 230 gold pieces.

Inventory:

Armour
 a - a +0 robe
 l - a +0 robe (worn)
Jewellery
 i - a ring of attention (left hand)
Scrolls
 b - 2 scrolls of magic mapping {unknown}
 d - 3 scrolls of teleportation
 e - a scroll of identify
 k - 4 scrolls of blinking
Potions
 c - a potion of haste
 j - a potion of brilliance {unknown}


   Skills:
 + Level 1.1 Fighting
 + Level 4.3 Dodging
 - Level 0.4 Stealth
 + Level 3.8 Unarmed Combat
 + Level 3.9 Spellcasting
 + Level 4.2 Transmutations
 * Level 1.7 Evocations


You had 8 spell levels left.
You knew the following spells:

 Your Spells              Type           Power        Failure   Level
a - Beastly Appendage     Tmut           28%          3%          1
b - Wereblood             Tmut           14%          4%          2

Your spell library contained the following spells:

 Spells                   Type           Power        Failure   Level
 Spider Form              Tmut/Pois      4%           24%         3
 Ice Form                 Ice/Tmut       8%           63%         4
 Blade Hands              Tmut           7%           67%         5


Dungeon Overview and Level Annotations

Branches:
Dungeon (5/15)
 Temple: D:4-7

Altars:
Ashenzari
Cheibriados
Kikubaaqudgha
Nemelex Xobeh
Okawaru
Qazlal
Uskayaw
Wu Jian
Xom

Annotations:
D:4 3 runed translucent doors, PaiMei's ghost, amateur DrCj; SturgillTurtle's ghost, novice GrBe; dtburroughs's ghost, novice MiBe; scsoc's ghost, amateur HuAM; vvl's ghost, amateur DsFi


Innate Abilities, Weirdness & Mutations

You are very small and have problems with some larger weapons.
You are too small for most types of armour.
You have supernaturally acute eyesight. (SInv)
You cover ground extremely quickly.


Message History

You hit the orc wizard.
The orc wizard is almost dead.
You hit the orc wizard but do no damage.
The orc wizard is almost dead.
The orc wizard closely misses you.
You closely miss the orc wizard.
The orc wizard is almost dead.
You hit the orc wizard but do no damage.
The orc wizard is almost dead.
The orc wizard points at you and mumbles some strange words.
The puff of flame hits you!
* * * LOW HITPOINT WARNING * * *
It was a potion of invisibility.
You fade into invisibility!
The orc wizard casts a spell at you. The puff of flame misses you.
You are very lightly contaminated with residual magic.
The orc wizard gestures at you while chanting.
The magic dart hits you.
You die...

#...........##
#.....#.#.#.#
###
#####.......#
... #.#.#.#.#
### #..o....#
##oW##### ##o#
#.# #@# #.#
#.# #.# ###


You could see a phantom, an orc wizard (invisible) and 2 orcs.

Vanquished Creatures
  A scorpion (D:4)
  A hound (D:4)
  8 adders
  2 oozes
  2 worms (D:2)
  7 leopard geckos
  3 orcs
  8 bats
  6 giant cockroaches
  2 goblins
  4 hobgoblins
  11 jackals
  9 kobolds
  4 quokkas
  4 frilled lizards
  7 rats
79 creatures vanquished.

Notes
Turn   | Place    | Note
-------+----------+-------------------------------------------
     0 | D:1      | MrSixtyFour the Spriggan Transmuter began the quest for the
                  | Orb.
     0 | D:1      | Reached XP level 1. HP: 9/9 MP: 5/5
   182 | D:1      | Reached XP level 2. HP: 7/14 MP: 3/6
  1189 | D:1      | Reached XP level 3. HP: 17/17 MP: 6/8
  1999 | D:2      | Reached skill level 1 in Fighting
  2994 | D:2      | Reached XP level 4. HP: 22/22 MP: 9/9
  3306 | D:2      | Found a sparkling altar of Nemelex Xobeh.
  3332 | D:2      | Found an ancient bone altar of Kikubaaqudgha.
  3333 | D:2      | Found a hide-covered altar of Uskayaw.
  3340 | D:2      | Found a stormy altar of Qazlal.
  3340 | D:2      | Found a shimmering altar of Xom.
  3340 | D:2      | Found an ornate altar of the Wu Jian Council.
  3340 | D:2      | Found a snail-covered altar of Cheibriados.
  3350 | D:2      | Found a broken altar of Ashenzari.
  3352 | D:2      | Found an iron altar of Okawaru.
  3390 | D:2      | Became a worshipper of Qazlal Stormbringer
  3394 | D:2      | Learned a level 2 spell: Wereblood
  4613 | D:4      | Reached XP level 5. HP: 23/25 MP: 8/11
  4650 | D:4      | Found a runed translucent gate.
  4650 | D:4      | Found a runed translucent gate.
  4650 | D:4      | Found a runed translucent gate.
  4651 | D:4      | Noticed SturgillTurtle's ghost (novice GrBe)
  4652 | D:4      | Noticed dtburroughs's ghost (novice MiBe)
  4652 | D:4      | Noticed scsoc's ghost (amateur HuAM)
  4652 | D:4      | Noticed PaiMei's ghost (amateur DrCj)
  4652 | D:4      | Noticed vvl's ghost (amateur DsFi)
  4688 | D:4      | Reached * piety under Qazlal
  4689 | D:4      | Reached skill level 1 in Evocations
  5091 | D:5      | Entered Level 5 of the Dungeon
  5103 | D:4      | Noticed a phantom
  5172 | D:4      | HP: 1/25 [orc wizard/puff of flame (9)]
  5175 | D:4      | Killed from afar by an orc wizard

Illustrated notes

Levels and vault maps discovered:
D:1:      nzn_arrival_water_spiral, layout_loops_corners, minmay_heptomino_h4
D:2:      layout_rooms, minitemple
D:3:      layout_rooms, minmay_box_of_dots
D:4:      layout_basic, gammafunk_ghost_cemetery, serial_shops, shop,
          serial_glass, glass_columns_c, glass_columns_b,
          cheibrodos_ashenzari_chains, uniq_natasha
D:5:      layout_loops_ring, uniq_sigmund

Skill      XL: |  1  2  3  4  5 |
---------------+----------------+-----
Transmutations | 3 4 |  4.2
Spellcasting   | 3 |  3.9
Fighting       | 1 |  1.1
Unarmed Combat | 3 |  3.8
Dodging        | 4 |  4.3
Evocations     | 1 |  1.7
Stealth        | |  0.4

Action                   |  1- 3 |  4- 6 || total
-------------------------+-------+-------++-------
Melee: Unarmed           |   179 |   180 ||   359
       Kick              |    25 |    32 ||    57
       Headbutt          |    16 |    21 ||    37
       Punch             |     7 |       ||     7
 Cast: Beastly Appendage |    22 |    15 ||    37
       Wereblood         |       |     6 ||     6
  Use: Scroll            |     5 |       ||     5
       Potion            |     2 |     6 ||     8
 Stab: Sleeping          |     2 |       ||     2
Armor: Robe              |    20 |    14 ||    34
       Skin              |     2 |       ||     2
Dodge: Dodged            |   164 |   139 ||   303
Block: Other             |       |     2 ||     2
